 Dungeon Crawl Stone Soup version 0.28.0 (webtiles) character file.

Game seed: 6518387855424766053

1 mkm the Firebug (level 1, 0/10 HPs)
             Began as a Gargoyle Fire Elementalist on Feb 12, 2022.
             Frozen to death by an endoplasm (4 damage)
             ... on level 1 of the Dungeon.
             The game lasted 00:00:30 (118 turns).

mkm the Firebug (Gargoyle Fire Elementalist)         Turns: 118, Time: 00:00:30

Health: 0/10       AC:  4    Str: 11    XL:     1   Next: 20%
Magic:  2/3        EV: 11    Int: 15    God:
Gold:   13         SH:  0    Dex: 10    Spells: 3/4 levels left

rFire   . . .      SeeInvis .   b - +0 dagger
rCold   . . .      Faith    .   (no shield)
rNeg    + . .      Spirit   .   a - +0 robe
rPois   ∞          Reflect  .   (no helmet)
rElec   +          Harm     .   (no cloak)
rCorr   .          Rampage  .   (no gloves)
Will    .....                   (no boots)
Stlth   ++........              (no amulet)
HPRegen 0.03/turn               (no ring)
MPRegen 0.08/turn               (no ring)

@: no status effects
A: sickness immunity, AC +2, negative energy resistance 1, electricity
resistance, torment resistance 1, petrification resistance
a: no special abilities


You were on level 1 of the Dungeon.
You visited 1 branch of the dungeon, and saw 1 of its levels.

You collected 13 gold pieces.

Inventory:

Hand Weapons
 b - a +0 dagger (weapon)
Armour
 a - a +0 robe (worn)


   Skills:
 - Level 1.5 Dodging
 - Level 2.1 Stealth
 + Level 2.0 Spellcasting
 * Level 1.2 Conjurations
 + Level 3.0 Fire Magic


You had 3 spell levels left.
You knew the following spells:

 Your Spells              Type           Power      Damage    Failure   Level
a - Foxfire               Conj/Fire      28%        2x1d5     10%         1

Your spell library contained the following spells:

 Spells                   Type           Power      Damage    Failure   Level
 Scorch                   Fire           20%        2d6       10%         2
 Conjure Flame            Conj/Fire      7%         6-21      28%         3
 Inner Flame              Hex/Fire       6%         N/A       34%         3
 Flame Wave               Conj/Fire      7%         2d5       67%         4


Dungeon Overview and Level Annotations

Branches:
Dungeon (1/15)

Altars:


Innate Abilities, Weirdness & Mutations

You are immune to sickness and miasma.
Your stone body is resilient. (AC +2)
You are immune to poison.
You resist negative energy. (rN+)
You are resistant to electric shocks. (rElec)
You are resistant to unholy torment.
You are immune to petrification.


Message History

b - a +0 dagger
b - a +0 dagger (weapon)
Magic restored.
A hobgoblin comes into view.
The hobgoblin shouts!
You hit the hobgoblin but do no damage.
An endoplasm comes into view.
The hobgoblin closely misses you.
You hit the hobgoblin.
The hobgoblin is heavily wounded.
The hobgoblin closely misses you. The hobgoblin hits you.
There are monsters nearby!
There are monsters nearby!
You conjure some foxfire!
The hobgoblin hits you but does no damage.
The foxfire hits the hobgoblin.
The hobgoblin is severely wounded.
The foxfire hits the hobgoblin but does no damage.
The hobgoblin is severely wounded.
The hobgoblin misses you.
You conjure some foxfire!
The foxfire hits the endoplasm.
The endoplasm is moderately wounded.
The hobgoblin hits you.
The foxfire hits the endoplasm.
The endoplasm is almost dead.
The hobgoblin hits you.
You are too injured to fight recklessly!
The endoplasm hits you but does no damage.
The hobgoblin hits you but does no damage.
The hobgoblin closely misses you.
You hit the endoplasm but do no damage.
The endoplasm is almost dead.
The endoplasm barely misses you.
You hit the endoplasm but do no damage.
The endoplasm is almost dead.
The endoplasm closely misses you. The endoplasm freezes you.
You are frozen.
You die...

#.# ########.# #........#
#.######## #.#.(...# ###
#.#.###.# ..# #.#..v#.# #.#
#.###.#.# #.# # ########.#
#.#@#######.###....
#...[....###.#.Jg.........#
#.######.....#########....#
#.##### #....# #.# ######
#.# #.# #.# #.#


You could see an endoplasm and a hobgoblin.

Vanquished Creatures
  A kobold (D:1)
1 creature vanquished.

Vanquished Creatures (others)
  4 foxfires (D:1)
4 creatures vanquished.

Grand Total: 5 creatures vanquished

Notes
Turn   | Place    | Note
-------+----------+-------------------------------------------
     0 | D:1      | mkm the Gargoyle Fire Elementalist began the quest for the
                  | Orb.
     0 | D:1      | Reached XP level 1. HP: 10/10 MP: 3/3
   118 | D:1      | Frozen to death by an endoplasm

Illustrated notes

Levels and vault maps discovered:
D:1:      dpeg_arrival_renting, layout_basic, minmay_surrounded

Action                   || total
-------------------------++-------
Melee: Dagger            ||     4
 Cast: Foxfire           ||     3
Armor: Robe              ||     4
Dodge: Dodged            ||     6
